 Dungeon Crawl Stone Soup version 0.31-a0-1278-g11c5b68f87 (webtiles) character file.

Game seed: 16176699128068692504

10880 Sobieck the Thaumaturge (level 11, -6/56 HPs)
             Began as a Deep Elf Conjurer on Dec 17, 2023.
             Was a Priest of Vehumet.
             Shot with an arrow by a centaur warrior (13 damage)
             ... on level 9 of the Dungeon.
             The game lasted 00:28:37 (9990 turns).

Sobieck the Thaumaturge (Deep Elf Conjurer)         Turns: 9990, Time: 00:28:37

Health: -6/56      AC:  6    Str:  8    XL:     11   Next: 42%
Magic:  20/29      EV: 15    Int: 28    God:    Vehumet [***...]
Gold:   265        SH:  0    Dex: 19    Spells: 16/34 levels left

rFire   + . .        c - staff of conjuration
rCold   + . .        (no shield)
rNeg    . . .        a - +0 robe
rPois   +            q - +1 hat "Imuodaevamm" {+Inv rElec rPois Str+4}
rElec   +            o - scarf {rC+ rF+}
rCorr   .            (no gloves)
SInv    .            i - +2 pair of boots
Will    +....        d - amulet of magic regeneration
Stlth   +++          E - +6 ring of dexterity
HPRegen 0.29/turn    (no ring)
MPRegen 0.61/turn

%: no passive effects
@: radiating poison
A: no striking features
a: Renounce Religion, Evoke Invisibility


You were on level 9 of the Dungeon.
You worshipped Vehumet.
Vehumet was most pleased with you.
You visited 2 branches of the dungeon, and saw 10 of its levels.
You also visited: Sewer and Ossuary.

You collected 769 gold pieces.
You spent 504 gold pieces at shops.

Inventory:

Hand Weapons
 p - a +1 quarterstaff
Missiles
 k - 9 poisoned darts
Armour
 a - a +0 robe (worn)
 i - a +2 pair of boots (worn)
 o - a scarf of resistance (worn)
 q - the +1 hat "Imuodaevamm" (worn) {+Inv rElec rPois Str+4}
   (You found it on level 4 of the Dungeon)

   Str+4:     It affects your strength (+4).
   rElec:     It insulates you from electricity.
   rPois:     It protects you from poison +Inv: It lets you turn invisible.
 w - a scarf of shadows
 C - a +1 robe of cold resistance
 F - a +0 hat
Magical Staves
 c - a staff of conjuration (weapon)
Jewellery
 d - an amulet of magic regeneration (around neck)
 r - an amulet of regeneration
 v - an amulet of reflection
 B - a ring of ice
 E - a +6 ring of dexterity (left hand)
Wands
 n - a wand of quicksilver (14)
 I - a wand of iceblast (6)
 J - a wand of polymorph (5)
 P - a wand of paralysis (4)
 V - a wand of flame (23)
Scrolls
 f - 2 scrolls of poison
 g - 2 scrolls of silence {!r}
 l - 2 scrolls of noise
 u - a scroll of amnesia
 y - 2 scrolls of enchant weapon
 T - 6 scrolls of teleportation
Potions
 b - 2 potions of magic
 e - a potion of curing {unknown}
 h - 5 potions of might
 j - 2 potions of attraction
 m - 4 potions of heal wounds
 s - 2 potions of invisibility {unknown}
 t - a potion of brilliance {unknown}
 x - a potion of cancellation {unknown}
 z - a potion of resistance {unknown}
 A - 2 potions of mutation {unknown}
 H - 2 potions of haste


   Skills:
 - Level 1.2 Fighting
 + Level 5.3 Dodging
 - Level 5.0 Stealth
 + Level 12.0 Spellcasting
 + Level 10.0 Conjurations
 - Level 9.0 Hexes
 - Level 4.0 Translocations
 - Level 7.5 Fire Magic
 - Level 8.4 Poison Magic


You had 16 spell levels left.
You knew the following spells:

 Your Spells              Type           Power      Damage    Failure   Level
a - Magic Dart            Conj           100%       1d8       1%          1
b - Searing Ray           Conj           100%       2d8       1%          2
c - Fulminant Prism       Conj/Hex       40%        3d19      1%          4
d - Iskenderun's Mystic   Conj/Tloc      71%        2d14      1%          4
A - Olgreb's Toxic Radia  Pois           59%        N/A       1%          4
B - Ignite Poison         Fire/Tmut/Pois 46%        N/A       1%          3

Your spell library contained the following spells:

 Spells                   Type           Power      Damage    Failure   Level
 Inner Flame              Hex/Fire       59%        N/A       1%          3
 Apportation              Tloc           78%        N/A       1%          1
 Kiss of Death            Conj/Necr      100%       2d13      1%          1
 Sting                    Tmut/Pois      100%       1d8       1%          1
 Cigotuvi's Dreadful Rot  Necr/Pois/Air  64%        N/A       1%          2
 Ensorcelled Hibernation  Hex/Ice        84%        N/A       1%          2
 Poisonous Vapours        Pois/Air       80%        N/A       1%          2
 Static Discharge         Conj/Air       100%       3-8/arc   1%          2
 Dazzling Flash           Conj/Hex       100%       N/A       1%          3
 Mephitic Cloud           Conj/Pois/Air  67%        N/A       1%          3
 Flame Wave               Conj/Fire      78%        2d17      1%          4
 Necrotise                Necr           64%        1d7       3%          1
 Summon Small Mammal      Summ           64%        N/A       3%          1
 Irradiate                Conj/Tmut      30%        3d21      3%          5
 Passwall                 Tmut/Erth      13%        N/A       4%          2
 Freezing Cloud           Conj/Ice/Air   26%        6-21      6%          5
 Airstrike                Air            8%         2d(2-18)  9%          4
 Ozocubu's Armour         Ice            16%        N/A       10%         3
 Swiftness                Air            16%        N/A       10%         3
 Metabolic Englaciation   Hex/Ice        21%        N/A       14%         5
 Bombard                  Conj/Erth      30%        9d5       17%         6
 Lee's Rapid Deconstruct  Erth           8%         3d7*      22%         5
 Leda's Liquefaction      Tmut/Erth      8%         N/A       32%         4
 Summon Lightning Spire   Summ/Air       16%        N/A       32%         4
 Simulacrum               Ice/Necr       8%         N/A       99%         6
 Monstrous Menagerie      Summ           8%         N/A       100%        7
 Summon Horrible Things   Summ           8%         N/A       100%        8


Dungeon Overview and Level Annotations

Branches:
Dungeon (9/15)             Temple (1/1) D:4             Orc (0/2) D:9
  Sewer (visited)         Ossuary (visited)
   Lair: D:8-11

Altars:
Ashenzari
Dithmenos
Elyvilon
Fedhas
Gozag
Hepliaklqana
Kikubaaqudgha
Okawaru
Qazlal
Ru
Sif Muna
Trog
Vehumet
Wu Jian
Xom
Yredelemnul
Zin
The Shining One

Shops:
D:3 *   D:6 :


Message History

There is an open door here.
There is an open door here.
You see here a Trismegistus Codex.
You open the door.
Maggie the Vainglorious comes into view.
She is wielding a +1 halberd of flaming.
Unknown command.
Casting: Iskenderun's Mystic Blast (dangerous; 1% risk of failure)
Confirm with . or Enter, or press ? or * to list all spells.
You begin to radiate toxic energy.
Maggie shouts!
Maggie is poisoned.
Maggie looks even sicker.
Maggie looks even sicker.
Your toxic aura wanes.
Casting: Olgreb's Toxic Radiance (safe; 1% risk of failure)
Confirm with . or Enter, or press ? or * to list all spells.
You ignite the poison in your surroundings!
Maggie seems to burn from within!!!
You kill Maggie!
Vehumet accepts your kill.
Your Conjurations skill increases to level 10!
There is an open door here.
Things that are here:
a +1 halberd of flaming; +0 acid dragon scales; the human corpse of Maggie You now have 265 gold pieces (gained 8).
You open the door.
There is an open door here.
You open the door.
There is an open door here.
A centaur warrior comes into view.
Casting: Ignite Poison (safe; 1% risk of failure)
Confirm with . or Enter, or press ? or * to list all spells.
You begin to radiate toxic energy.
The centaur warrior is poisoned.
The centaur warrior wields a +0 shortbow.
The centaur warrior shoots an arrow.
The arrow hits you!
The centaur warrior shoots an arrow.
The arrow closely misses you.
Casting: Olgreb's Toxic Radiance (safe; 1% risk of failure)
Confirm with . or Enter, or press ? or * to list all spells.
You ignite the poison in your surroundings!
The centaur warrior seems to burn from within!!
The centaur warrior is heavily wounded.
The centaur warrior is poisoned.
Your toxic aura wanes.
The centaur warrior shoots an arrow.
The arrow hits you!!
The centaur warrior shoots an arrow.
The arrow hits you!!
* * * LOW HITPOINT WARNING * * *
Casting: Ignite Poison (safe; 1% risk of failure)
Confirm with . or Enter, or press ? or * to list all spells.
You begin to radiate toxic energy.
The centaur warrior shoots an arrow.
The arrow hits you!
You die...

#.....#........'.... ...
#######........#..##
...###..#........###..##
........#........#....#.
.......#........+...:#.
.......#........#....'.
#...#........#....#.
##...'........#....##
#...@#........###+###
#....#........#.....#
#....#........+.....'
#....#........#.....#
#....#........##+####
#....#........#....##
#....#........#......
##..c#........#......
........'......


You could see a centaur warrior (poisoned).

Vanquished Creatures
  Gastronok (D:8)
  A centaur warrior (D:8)
  A manticore (D:8)
  Maggie (D:9)
  A troll (D:8)
  Grinder (Sewer)
  A steam dragon (D:8)
  4 vampire mosquitoes (D:9)
  Edmund (D:4)
  2 water moccasins
  An ice beast (D:5)
  2 sky beasts (D:7)
  An orc warrior (D:7)
  4 ogres
  2 wolves (D:9)
  4 centaurs
  3 phantoms
  2 kobold brigands
  A necrophage (Sewer)
  3 scorpions
  9 wights
  A howler monkey (D:6)
  8 orc priests
  7 hounds
  2 jellies
  2 gnoll boudas
  5 iguanas
  Ijyb (D:3)
  2 sleepcaps (D:6)
  7 orc wizards
  2 mummies (Ossuary)
  5 adders
  13 gnolls
  6 shadow imps
  A white imp (D:8)
  5 ufetubi
  An adder zombie (Sewer)
  2 worms (D:4)
  2 dart slugs
  30 orcs
  10 endoplasms
  5 giant cockroaches
  6 goblins
  8 hobgoblins
  9 quokkas
  10 ball pythons
  6 bats
  6 frilled lizards
  A giant cockroach zombie (Sewer)
  2 gnoll zombies (Ossuary)
  5 goblin zombies (Ossuary)
  5 hobgoblin zombies (Ossuary)
  22 kobolds
  2 kobold zombies (Sewer)
  2 orc zombies (Ossuary)
  4 rats (D:1)
251 creatures vanquished.

Vanquished Creatures (others)
  50 fulminant prisms
50 creatures vanquished.

Grand Total: 301 creatures vanquished

Notes
Turn   | Place    | Note
-------+----------+-------------------------------------------
     0 | D:1      | Sobieck the Deep Elf Conjurer began the quest for the Orb.
     0 | D:1      | Reached XP level 1. HP: 10/10 MP: 6/6
   236 | D:1      | Reached skill level 1 in Hexes
   276 | D:1      | Reached XP level 2. HP: 15/15 MP: 6/8
   407 | D:1      | Learned a level 2 spell: Searing Ray
   720 | D:1      | Reached XP level 3. HP: 19/19 MP: 7/10
  1682 | D:2      | Reached skill level 4 in Spellcasting
  1855 | D:2      | Reached XP level 4. HP: 24/24 MP: 3/12
  1926 | D:2      | Learned a level 4 spell: Fulminant Prism
  2949 | D:3      | Found a shimmering altar of Xom.
  3065 | D:3      | Reached skill level 3 in Hexes
  3110 | D:3      | Found Rak Wugu's Assorted Antiques.
  3163 | D:3      | Bought a scroll labelled KEUSIQ ROMNOGUW for 28 gold pieces
  3163 | D:3      | Bought a scroll labelled NICAEPR NAREPS for 28 gold pieces
  3163 | D:3      | Bought a scroll labelled NICAEPR NAREPS for 28 gold pieces
  3177 | D:4      | Identified a scroll of acquirement
  3177 | D:4      | Acquired a staff of conjuration
  3341 | D:4      | Reached XP level 5. HP: 28/28 MP: 9/14
  3346 | D:4      | Learned a level 4 spell: Iskenderun's Mystic Blast
  3378 | D:4      | Found a glowing golden altar of the Shining One.
  3422 | D:4      | Noticed Ijyb
  3430 | D:3      | Killed Ijyb
  3431 | D:3      | Reached skill level 5 in Spellcasting
  3603 | D:4      | Noticed a phantom
  3611 | D:4      | Killed a phantom
  3612 | D:4      | Reached XP level 6. HP: 32/32 MP: 8/16
  3732 | D:4      | Found a glowing drain.
  3738 | D:4      | Reached skill level 6 in Conjurations
  3756 | Sewer    | Entered a sewer
  4080 | Sewer    | Reached skill level 6 in Spellcasting
  4219 | Sewer    | Found an ancient bone altar of Kikubaaqudgha.
  4256 | Sewer    | Reached XP level 7. HP: 32/36 MP: 4/18
  4451 | Sewer    | Noticed Grinder
  4464 | Sewer    | Killed Grinder
  4465 | Sewer    | Reached skill level 7 in Spellcasting
  4465 | Sewer    | Reached skill level 6 in Hexes
  4475 | Sewer    | Acquired the Codex of Gravity
  4710 | D:4      | Identified the +1 hat "Imuodaevamm" {+Inv rElec rPois
                  | Str+4}
  4827 | D:4      | Found a staircase to the Ecumenical Temple.
  4838 | Temple   | Entered the Ecumenical Temple
  4849 | Temple   | Became a worshipper of Vehumet
  5291 | D:5      | Entered Level 5 of the Dungeon
  5291 | D:5      | Noticed Edmund
  5296 | D:5      | Reached XP level 8. HP: 41/41 MP: 14/21
  5310 | D:4      | Killed Edmund
  5311 | D:4      | Reached skill level 8 in Spellcasting
  5868 | D:5      | Reached * piety under Vehumet
  5868 | D:5      | Offered knowledge of Freeze by Vehumet.
  5928 | D:5      | Reached skill level 9 in Spellcasting
  6003 | D:5      | Found an ornate altar of the Wu Jian Council.
  6493 | D:6      | Reached XP level 9. HP: 45/45 MP: 16/24
  6644 | D:3      | Bought a notched ivory ring for 140 gold pieces
  6748 | D:6      | Offered knowledge of Scorch by Vehumet.
  6749 | D:6      | Reached skill level 9 in Hexes
  6982 | D:6      | Reached skill level 10 in Spellcasting
  6982 | D:6      | Reached skill level 9 in Conjurations
  7157 | D:6      | Found Xeotz's Book Emporium.
  7253 | D:6      | Found a sacrificial altar of Ru.
  7257 | D:6      | Found a glowing silver altar of Zin.
  7261 | D:6      | Found a blossoming altar of Fedhas.
  7546 | D:7      | Reached ** piety under Vehumet
  7573 | D:7      | Got Keimerr's Exposition on the Vitriolic Familiar
  7594 | D:7      | Reached skill level 11 in Spellcasting
  7633 | D:7      | Reached skill level 1 in Translocations
  7705 | D:7      | Reached skill level 3 in Dodging
  7705 | D:7      | Reached skill level 3 in Stealth
  7927 | D:7      | Reached skill level 1 in Fighting
  7987 | D:7      | Found a sand-covered staircase.
  7998 | Ossuary  | Entered an ossuary
  8064 | Ossuary  | Offered knowledge of Inner Flame by Vehumet.
  8269 | D:6      | Bought a Young Poisoner's Handbook for 280 gold pieces
  8274 | D:6      | Learned a level 4 spell: Olgreb's Toxic Radiance
  8278 | D:6      | Learned a level 3 spell: Ignite Poison
  8437 | D:7      | Found a white marble altar of Elyvilon.
  8594 | D:7      | Reached skill level 3 in Poison Magic
  8908 | D:7      | Reached XP level 10. HP: 52/52 MP: 27/27
  8943 | D:8      | Noticed a manticore
  8947 | D:8      | Killed a manticore
  9116 | D:8      | Noticed a centaur warrior
  9120 | D:8      | Killed a centaur warrior
  9121 | D:8      | Reached skill level 3 in Translocations
  9121 | D:8      | Reached XP level 11. HP: 33/56 MP: 17/28
  9302 | D:8      | Noticed Gastronok
  9317 | D:8      | Killed Gastronok
  9346 | D:8      | Reached *** piety under Vehumet
  9791 | D:8      | Found an opulent altar of Gozag.
  9796 | D:8      | Found a shimmering blue altar of Sif Muna.
  9863 | D:9      | Found a staircase to the Orcish Mines.
  9878 | D:9      | Reached skill level 12 in Spellcasting
  9949 | D:9      | Noticed Maggie
  9952 | D:9      | Killed Maggie
  9986 | D:9      | Noticed a centaur warrior
  9990 | D:9      | Shot with an arrow by a centaur warrior

Illustrated notes

Levels and vault maps discovered:
D:1:      kilobyte_arrival_exit_the_forest, layout_basic, serial_bayou,
          serial_bayou_shore_b, serial_bayou_ford_a, serial_bayou_pond_e,
          serial_bayou_shore_a, serial_bayou_pond_c, st_stairs_5
D:2:      layout_basic
D:3:      layout_basic, mainiacjoe_overflow_six_doors_small, serial_curves,
          eino_curves_02, eino_curves_02, eino_curves_03, serial_shops,
          nicolae_shop_waterfront
D:4:      nicolae_cairo_tiling, layout_basic, kennysheep_little_box,
          minmay_temple_entry_nine_rooms, cheibrodos_sewer_entry_sluice,
          uniq_ijyb
D:5:      layout_rooms, old_standard_altar, minmay_misc_feat_pillars,
          uniq_edmund
D:6:      layout_basic, grunt_temple_overflow_diamond, serial_shops,
          nicolae_shop_trees
D:7:      layout_gridville, nicolae_elyvilon_peaceful_grove, enter_ossuary_1,
          hangedman_abyss_or_decor_stagger, minmay_between
D:8:      layout_cave_pools, nicolae_overflow_hidden_temple, wad_mini_maze,
          uniq_gastronok
D:9:      layout_gridville, minmay_orc_entry_guard_dogs, uniq_maggie
Temple:   compressed_dpeg_triangle_lava_temple

Skill      XL: |  1  2  3  4  5  6  7  8  9 10 11 |
---------------+----------------------------------+-----
Hexes          | 1 2 3 4 5 6 8 9 |  9.0
Spellcasting   | 4 5 6 7 9 11 12 | 12.0
Conjurations   | 5 6 7 8 9 10 | 10.0
Translocations | 2 3 4 |  4.0
Dodging        | 3 4 5 |  5.3
Stealth        | 3 4 5 |  5.0
Fighting       | 1 |  1.2
Poison Magic   | 8 |  8.4
Fire Magic     | 7 |  7.5

Action                     |  1- 3 |  4- 6 |  7- 9 | 10-12 || total
---------------------------+-------+-------+-------+-------++-------
   Cast: Magic Dart        |    65 |   121 |   118 |       ||   304
         Searing Ray       |     1 |    13 |    25 |       ||    39
         Fulminant Prism   |       |       |    43 |     7 ||    50
         Iskenderun's Myst |       |       |     4 |     1 ||     5
         Ignite Poison     |       |       |       |    21 ||    21
         Olgreb's Toxic Ra |       |       |       |    22 ||    22
    Use: Scroll            |       |    12 |     4 |     2 ||    18
         Potion            |       |       |     1 |     1 ||     2
 Armour: Robe              |     1 |    20 |    24 |     9 ||    54
  Dodge: Dodged            |     2 |    21 |    24 |    10 ||    57

Table legend: (Time is in decaauts)
 A = Elapsed time spent in this place.
 B = Non-inter-level travel time spent in this place.
 C = Inter-level travel time spent in this place.
 D = Time resting spent in this place.
 E = Time spent auto-exploring this place.
 F = Levels seen in this place.
 G = Mean time per level.
                   A        B        C        D        E       F      G
               +--------+--------+--------+--------+--------+-----+--------+
         Total |  10048 |   9612 |    436 |   1470 |   6176 |  12 |  837.3 |
       Dungeon |   8906 |   8481 |    425 |   1061 |   5868 |   9 |  989.6 |
        Temple |     22 |     11 |     11 |      0 |      0 |   1 |   22.0 |
         Sewer |    893 |    893 |      0 |    287 |    308 |   1 |  893.0 |
       Ossuary |    225 |    225 |      0 |    122 |      0 |   1 |  225.0 |
               +--------+--------+--------+--------+--------+-----+--------+

Top non-repeatable levels by time:
     D:1: 1682 daAuts
     D:5: 1297 daAuts
     D:4: 1165 daAuts
     D:7: 1070 daAuts
     D:8: 946 daAuts
   Sewer: 893 daAuts
     D:3: 888 daAuts
     D:2: 883 daAuts
     D:6: 811 daAuts
 Ossuary: 225 daAuts
     D:9: 159 daAuts
  Temple: 22 daAuts
